Map: Blackpink LE

Players

Snute

  • Race: Zerg Zerg
  • Spawn Location: 1:00

HeRoMaRinE - Winner!

  • Race: Terran Terran
  • Spawn Location: 7:00

Event: IEM Season 12 - Katowice

VOD

Have the link to the VOD?

Description

Time

  • Played on: Feb. 27, 2018, 5:40 a.m.
  • Length: 31:18

All games in this series

Show
View Real Time Build Order
Export as new Build Order

Snute Zerg 

Build Orders: Pool First 

Get SALT Encoding   

  12  0:00  Drone  
  13  0:12  Overlord  
  13  0:16  Drone  
  14  0:30  Drone x2  
  14  0:34  Drone  
  17  0:44  Spawning Pool  
  17  0:47  Drone  
  17  1:07  Hatchery  
  17  1:09  Drone  
  17  1:13  Drone  
  17  1:15  Extractor  
  17  1:17  Drone  
  18  1:30  Queen  
  18  1:31  Zergling x2  
  21  1:38  Overlord  
  21  1:49  Drone  
  22  2:00  Drone  
  23  2:06  Queen  
  25  2:10  Drone  
  25  2:15  Metabolic Boost  
  26  2:18  Queen  
  26  2:19  Drone  
  26  2:22  Drone  
  30  2:31  Drone  
  30  2:34  Drone  
  32  2:38  Drone x3  
  32  2:40  Drone  
  35  2:44  Overlord  
  35  2:51  Drone  
  36  2:58  Hatchery  
  35  3:01  Overlord  
  35  3:06  Queen  
  37  3:13  Drone x3  
  37  3:14  Drone  
  37  3:18  Zergling x4  
  43  3:22  Queen  
  45  3:32  Zergling x4  
  47  3:34  Overlord  
  47  3:38  Drone  
  47  3:39  Drone x2  
  50  3:43  Queen  
  50  3:47  Overlord  
  52  3:53  Drone x4  
  52  3:54  Drone x2  
  58  3:59  Queen  
  60  4:06  Drone x2  
  60  4:09  Queen  
  61  4:10  Overlord  
  61  4:13  Drone  
  61  4:14  Drone  
  65  4:18  Overlord  
  65  4:23  Overlord  
  65  4:24  Drone  
  66  4:27  Overlord  
  66  4:29  Drone x3  
  66  4:30  Drone  
  70  4:31  Drone  
  70  4:34  Drone  
  70  4:35  Drone  
  73  4:39  Drone  
  73  4:40  Drone  
  73  4:43  Drone x3  
  78  4:46  Evolution Chamber, Drone  
  78  4:47  Evolution Chamber  
  78  4:52  Drone x2  
  79  4:53  Drone x3  
  79  4:57  Drone  
  83  5:01  Extractor  
  83  5:02  Extractor x2  
  83  5:03  Extractor x2  
  83  5:04  Drone x2  
  80  5:07  Drone  
  80  5:11  Drone x3  
  80  5:12  Zerg Ground Armor Level 1  
  80  5:14  Zerg Missile Weapons Level 1  
  84  5:18  Drone x3  
  84  5:20  Drone x3  
  90  5:22  Drone x3  
  90  5:26  Overlord x2  
  93  5:32  Spore Crawler  
  93  5:34  Overlord  
  90  5:41  Queen x2  
  90  5:44  Queen  
  90  5:46  Zergling x2  
  90  5:47  Zergling x6  
  93  5:56  Zergling x4  
  93  6:06  Zergling x2  
  93  6:07  Zergling x8  
  94  6:14  Drone x2  
  94  6:17  Queen  
  94  6:18  Drone  
  99  6:19  Drone x2, Lair  
  99  6:22  Drone  
  97  6:36  Baneling Nest  
  97  6:38  Hatchery  
  95  6:41  Zergling x12  
  101  6:53  Queen x2, Overlord x2  
  101  6:54  Overlord  
  105  6:57  Zergling x6  
  108  7:03  Hatchery  
  106  7:11  Zerg Melee Weapons Level 1  
  106  7:13  Zergling x4  
  106  7:14  Zergling x8  
  110  7:31  Zergling x16  
  110  7:32  Zergling x8, Centrifical Hooks  
  110  7:36  Baneling x8  
  110  7:37  Baneling, Hydralisk Den  
  120  7:39  Hatchery  
  119  7:44  Zergling x12  
  119  7:50  Zerg Missile Weapons Level 2  
  125  7:53  Infestation Pit  
  124  8:05  Hydralisk  
  124  8:06  Hydralisk x5, Grooved Spines  
  124  8:07  Overlord x3  
  136  8:17  Hydralisk  
  136  8:18  Hydralisk x2  
  142  8:27  Hydralisk x6  
  154  8:36  Hydralisk x4  
  154  8:41  Baneling x10  
  160  8:46  Hive  
  148  9:03  Hydralisk x6  
  148  9:06  Baneling x7  
  148  9:08  Baneling  
  160  9:12  Zergling x6  
  160  9:13  Zergling x4  
  139  9:31  Zergling x34  
  138  9:37  Hydralisk  
  138  9:38  Hydralisk x2  
  150  9:48  Drone x2  
  152  9:59  Viper x4  
  158  10:00  Hatchery  
  158  10:04  Muscular Augments  
  160  10:08  Drone x7  
  164  10:21  Drone x2  
  164  10:22  Drone x5  
  166  10:33  Zerg Missile Weapons Level 3  
  166  10:36  Hydralisk x3  
  166  10:39  Overlord x2  
  172  10:44  Spire  
  172  10:49  Drone  
  172  10:50  Drone  
  173  10:57  Extractor  
  173  11:00  Hydralisk x7  
  173  11:01  Extractor  
  173  11:03  Baneling  
  173  11:04  Baneling x5  
  176  11:05  Baneling x2  
  176  11:13  Hydralisk x3  
  182  11:21  Baneling x5  
  182  11:22  Baneling  
  182  11:23  Baneling  
  182  11:29  Baneling x5  
  182  11:30  Baneling  
  182  11:36  Pneumatized Carapace  
  182  11:37  Overseer  
  182  11:43  Baneling x4  
  182  11:44  Baneling x2  
  182  11:45  Zergling x2  
  182  11:46  Zergling x26  
  195  11:58  Greater Spire  
  193  12:10  Queen  
  193  12:11  Overlord x3  
  193  12:12  Zerg Melee Weapons Level 2  
  193  12:14  Queen  
  168  12:23  Hydralisk x5  
  168  12:24  Hydralisk x4  
  162  12:36  Zergling x18  
  162  12:37  Zergling x6  
  148  12:44  Hydralisk x3  
  137  12:57  Baneling x22  
  137  12:58  Baneling x2  
  137  12:59  Hydralisk  
  139  13:08  Hydralisk x4  
  147  13:13  Hydralisk  
  147  13:14  Hydralisk  
  151  13:23  Hydralisk x4  
  159  13:29  Hydralisk x2  
  163  13:37  Hydralisk x2  
  163  13:38  Hydralisk  
  169  13:45  Hydralisk x3  
  170  14:01  Zergling x40  
  187  14:08  Overseer  
  187  14:13  Hydralisk x5  
  165  14:25  Hydralisk x5  
  140  14:34  Hydralisk x4  
  138  14:43  Hydralisk x4  
  134  14:46  Hydralisk  
  128  15:00  Hydralisk x6  
  128  15:04  Hydralisk x2  
  144  15:12  Hydralisk x3  
  150  15:20  Hydralisk x4  
  158  15:30  Zergling x16  
  158  15:35  Extractor  
  165  15:37  Hydralisk x3  
  171  15:43  Viper  
  171  15:48  Zergling x14  
  179  15:57  Viper  
  179  16:03  Zergling x22  
  193  16:08  Spore Crawler  
  192  16:15  Baneling x14  
  192  16:16  Baneling  
  192  16:22  Hydralisk x2  
  196  16:31  Hydralisk x2  
  200  16:38  Baneling, Hatchery  
  200  16:39  Baneling x7  
  199  16:40  Baneling  
  194  17:05  Baneling x5  
  183  17:14  Hydralisk x9  
  175  17:19  Zergling x18  
  175  17:20  Zergling x10  
  149  17:26  Hydralisk x3  
  137  17:34  Hydralisk x3  
  139  17:45  Hydralisk x3  
  139  17:49  Baneling  
  139  17:50  Baneling x3  
  145  17:53  Hydralisk  
  147  18:01  Baneling  
  147  18:02  Baneling x4  
  147  18:06  Drone x2  
  147  18:09  Hydralisk x2  
  152  18:14  Zergling x2  
  152  18:15  Zergling x24  
  165  18:29  Hydralisk x5  
  172  18:35  Hydralisk x2  
  172  18:40  Hydralisk x2  
  176  18:45  Corruptor  
  176  18:46  Corruptor  
  180  19:06  Zergling x28  
  190  19:37  Brood Lord x2  
  190  19:39  Extractor  
  190  19:43  Corruptor x3  
  190  19:44  Corruptor  
  190  19:45  Corruptor  
  199  19:47  Spine Crawler  
  199  19:49  Spine Crawler  
  197  19:56  Baneling x10  
  194  20:20  Brood Lord  
  193  20:24  Zergling x18  
  171  20:30  Zergling x20  
  171  20:31  Zergling x14  
  146  20:45  Queen, Brood Lord x2  
  146  20:46  Queen  
  148  20:50  Hydralisk x2  
  148  20:54  Drone x3  
  148  20:55  Drone x2  
  148  20:56  Drone x5  
  162  21:01  Hydralisk  
  162  21:02  Hydralisk  
  166  21:12  Hydralisk x2  
  170  21:27  Hydralisk x3  
  167  21:44  Hydralisk x4  
  145  22:10  Zergling x34  
  140  22:16  Hydralisk x4  
  125  22:24  Hydralisk x4  
  123  22:30  Hydralisk  
  123  22:34  Baneling x2  
  123  22:35  Zergling x18  
  130  22:40  Extractor x2  
  130  22:43  Queen  
  130  22:44  Queen, Hydralisk x2  
  130  22:46  Hatchery  
  130  22:50  Hydralisk  
  130  22:51  Hydralisk  
  137  22:55  Baneling x3  
  137  22:57  Extractor  
  138  22:59  Hydralisk  
  140  23:06  Hydralisk x2  
  140  23:09  Hydralisk  
  146  23:14  Hydralisk x2  
  150  23:22  Baneling x5  
  147  23:35  Hydralisk x5  
  157  23:44  Hydralisk  
  157  23:45  Hydralisk x2  
  150  23:56  Hydralisk x4  
  158  24:04  Hydralisk x2  
  159  24:12  Hydralisk x3  
  159  24:16  Zergling x32  
  181  24:22  Drone  
  181  24:23  Drone x8  
  190  24:28  Baneling x10  
  190  24:29  Baneling  
  189  24:40  Hydralisk x3  
  182  24:53  Hydralisk  
  182  24:54  Hydralisk x4  
  185  25:15  Corruptor x3  
  191  25:26  Extractor  
  191  25:27  Extractor  
  183  25:43  Hydralisk x2  
  183  25:44  Hydralisk  
  183  25:46  Queen x2  
  191  25:55  Brood Lord x2  
  195  26:00  Spine Crawler  
  195  26:01  Spine Crawler  
  195  26:02  Brood Lord  
  194  26:06  Corruptor  
  194  26:08  Corruptor  
  198  26:11  Hatchery  
  197  26:24  Spore Crawler  
  196  26:34  Spore Crawler, Drone x3, Spine Crawler  
  196  26:35  Drone  
  196  26:36  Drone, Spine Crawler  
  196  26:37  Drone  
  199  26:44  Corruptor  
  199  26:55  Zerg Flyer Armor Level 1, Zerg Melee Weapons Level 3  
  199  27:01  Spore Crawler  
  198  27:03  Spore Crawler  
  198  27:05  Spore Crawler  
  198  27:06  Spore Crawler  
  198  27:22  Baneling  
  195  27:23  Baneling x4  
  183  27:44  Zergling x2  
  183  27:45  Zergling x34  
  188  28:04  Hydralisk x6  
  198  28:07  Baneling x4  
  198  28:11  Queen x2  
  193  28:21  Zergling x22  
  156  28:29  Hydralisk  
  156  28:32  Mutalisk x10  
  114  28:34  Mutalisk  
  114  28:38  Mutalisk  
  102  28:49  Zerg Flyer Weapons Level 1  
  102  28:52  Zergling x2  
  102  28:53  Zergling x20  
  121  29:16  Extractor  
  124  29:18  Extractor  
  124  29:20  Mutalisk x4  
  119  29:26  Queen  
  119  29:30  Mutalisk  
  122  29:39  Mutalisk  
  122  29:46  Mutalisk  
  122  29:51  Hydralisk x2  
  128  29:56  Zergling x36  
  140  30:11  Hydralisk x5  
  132  30:41  Mutalisk x4  
  121  30:53  Hydralisk x3  
  121  30:54  Hydralisk x2  
Show
View Real Time Build Order
Export as new Build Order

HeRoMaRinE Terran - Winner!

Build Orders: Gas First Reaper Expand, Liberator Opening, Reaper Expand, Mech 

Get SALT Encoding   

  12  0:00  SCV  
  13  0:12  SCV  
  14  0:17  Supply Depot  
  14  0:24  SCV  
  14  0:27  Refinery  
  15  0:38  SCV  
  16  0:44  Barracks  
  16  0:50  SCV  
  17  1:03  SCV  
  18  1:15  SCV  
  19  1:31  Reaper, Orbital Command  
  20  1:42  Command Center  
  20  1:52  Factory  
  20  1:57  SCV  
  21  2:04  Barracks Reactor  
  21  2:09  SCV  
  21  2:13  Supply Depot  
  21  2:15  Refinery  
  22  2:21  SCV  
  23  2:35  SCV  
  23  2:46  Starport  
  23  2:47  SCV, Hellion x2  
  28  2:56  Marine  
  29  2:59  SCV  
  29  3:05  Orbital Command  
  30  3:08  Hellion  
  30  3:09  Hellion  
  30  3:11  SCV  
  35  3:22  Viking  
  35  3:23  SCV  
  38  3:31  SCV  
  39  3:35  Hellion, SCV  
  39  3:36  Hellion  
  39  3:38  Barracks Tech Lab  
  44  3:42  Supply Depot  
  44  3:44  SCV  
  44  3:48  SCV  
  46  3:51  Liberator  
  46  4:03  SCV x2  
  46  4:05  Supply Depot  
  51  4:15  SCV x2  
  53  4:25  Command Center  
  53  4:28  Supply Depot  
  53  4:29  Armory  
  53  4:31  SCV x2  
  55  4:43  SCV x2, Hellion  
  55  4:44  Hellion  
  61  4:55  SCV x2  
  61  4:57  Factory  
  61  4:58  Factory  
  61  4:59  Refinery x2  
  63  5:05  Supply Depot  
  63  5:07  SCV x2  
  63  5:09  Barracks Tech Lab  
  63  5:12  Hellion  
  63  5:13  Hellion  
  69  5:19  SCV  
  69  5:20  Terran Vehicle Weapons Level 1  
  70  5:26  SCV  
  69  5:32  Supply Depot, SCV  
  69  5:33  Starport Reactor  
  70  5:38  SCV  
  70  5:42  SCV  
  72  5:44  SCV  
  72  5:48  Thor  
  72  5:55  Refinery  
  72  5:57  Refinery  
  74  5:58  Thor  
  74  6:03  SCV x3  
  77  6:14  Medivac x2  
  77  6:15  SCV x2  
  77  6:17  Hellion x2  
  84  6:25  Orbital Command  
  78  6:27  SCV  
  78  6:28  SCV  
  78  6:32  Factory  
  80  6:33  Factory  
  80  6:36  Hellion x2  
  80  6:38  Hellion x2  
  80  6:39  SCV  
  85  6:40  Barracks Reactor, SCV  
  85  6:42  Infernal Pre-Igniter  
  85  6:46  Siege Tank  
  89  6:51  SCV x2  
  89  6:52  SCV  
  92  6:56  Supply Depot  
  92  6:57  Supply Depot  
  92  7:02  Hellion  
  92  7:03  Hellion, SCV x2  
  97  7:10  Supply Depot, SCV  
  97  7:11  Supply Depot  
  99  7:15  SCV x2  
  99  7:18  Factory Tech Lab  
  99  7:20  Siege Tank x2  
  106  7:25  Hellion x2  
  106  7:27  Hellion  
  106  7:28  Hellion  
  106  7:29  Terran Vehicle And Ship Armor Level 1, Hellion x4  
  114  7:32  SCV  
  114  7:33  SCV x2  
  117  7:39  Siege Tank  
  120  7:46  Hellion x2  
  120  7:48  Hellion  
  120  7:49  Supply Depot  
  120  7:50  Supply Depot  
  126  7:52  Siege Tank  
  126  7:53  Siege Tank  
  126  7:56  Medivac x2  
  136  8:01  Hellion  
  138  8:06  Supply Depot  
  138  8:07  Supply Depot, Hellion  
  138  8:11  Siege Tank  
  143  8:19  Hellion  
  147  8:20  Hellion  
  147  8:21  Liberator x2  
  147  8:22  Supply Depot  
  147  8:24  Siege Tank  
  147  8:25  Siege Tank  
  151  8:35  Hellion x2  
  159  8:43  Hellion x2, Siege Tank  
  159  8:46  Supply Depot  
  166  8:57  Siege Tank  
  166  9:00  Siege Tank  
  166  9:01  Hellion x2  
  158  9:13  Hellion x2  
  158  9:15  Siege Tank  
  165  9:21  Viking x2  
  165  9:23  Hellion x2  
  142  9:29  Siege Tank  
  120  9:32  Siege Tank  
  120  9:34  Hellion x2  
  121  9:44  Hellion  
  121  9:45  Hellion  
  122  9:47  Siege Tank, Terran Vehicle Weapons Level 2  
  122  9:50  Command Center  
  122  9:51  Armory  
  125  9:57  Hellion x2  
  129  10:01  Siege Tank  
  129  10:04  Siege Tank  
  135  10:11  Hellion x2  
  135  10:12  Viking x2  
  143  10:18  Hellion x3  
  143  10:19  Hellion x2, Siege Tank  
  144  10:32  Hellion  
  144  10:33  Hellion, Siege Tank  
  149  10:37  Hellion  
  149  10:42  Viking x2  
  155  10:43  SCV  
  155  10:44  SCV  
  157  10:51  Terran Vehicle And Ship Armor Level 2  
  157  10:53  Ghost Academy  
  157  10:55  Barracks  
  157  10:57  Refinery x2  
  155  10:59  Siege Tank  
  155  11:02  Hellion x4  
  162  11:05  Engineering Bay, Barracks Tech Lab  
  162  11:13  Siege Tank x2  
  168  11:20  SCV  
  168  11:24  Ghost  
  171  11:31  Siege Tank  
  171  11:32  Hellion x3  
  178  11:33  Viking x2  
  182  11:40  Missile Turret  
  182  11:42  Planetary Fortress  
  182  11:47  Barracks Tech Lab  
  182  11:53  Ghost  
  182  12:05  Ghost  
  184  12:18  Hellion x2  
  184  12:20  Hellion  
  184  12:21  Ghost  
  152  12:25  Siege Tank x2  
  129  12:34  Ghost  
  117  12:41  Hellion, Siege Tank  
  117  12:42  Hellion x3  
  123  12:50  Terran Vehicle Weapons Level 3  
  121  12:52  Viking x2, Command Center  
  121  12:55  Hellion x4  
  121  12:57  Hellion  
  127  12:59  Siege Tank  
  127  13:03  Hellion x3  
  127  13:04  Hellion  
  136  13:13  Siege Tank  
  136  13:18  Siege Tank  
  142  13:22  Viking x2  
  142  13:24  Hellion  
  142  13:25  Sensor Tower, Hellion  
  150  13:27  Hellion  
  150  13:31  Siege Tank  
  150  13:32  Hellion  
  157  13:45  Siege Tank  
  157  13:46  Hellion x2  
  162  13:50  Siege Tank  
  162  13:52  Viking x2  
  161  14:01  Hellion x2  
  151  14:03  Siege Tank  
  151  14:09  Hellion x2  
  158  14:17  Siege Tank  
  158  14:22  Viking x2, Siege Tank  
  148  14:26  Ghost x2  
  148  14:31  Hellion  
  129  14:32  Hellion  
  129  14:35  Siege Tank  
  129  14:37  Hellion x2  
  111  14:49  Siege Tank  
  111  14:52  Hellion  
  112  14:53  Hellion, Planetary Fortress  
  112  14:54  SCV, Siege Tank  
  112  14:56  Refinery x2  
  112  14:58  SCV  
  112  14:59  Hellion x4  
  119  15:01  Hellion x2  
  119  15:06  Ghost x2  
  127  15:07  Siege Tank  
  127  15:10  SCV x3  
  133  15:18  Viking x2  
  137  15:22  Siege Tank  
  137  15:24  Missile Turret  
  137  15:27  Hellion  
  137  15:28  Hellion  
  144  15:30  Siege Tank  
  147  15:36  Hellion  
  147  15:38  Hellion  
  147  15:39  Siege Tank  
  154  15:44  Terran Vehicle And Ship Armor Level 3  
  154  15:49  Ghost  
  154  15:52  Sensor Tower  
  154  15:54  Siege Tank  
  157  16:02  Siege Tank  
  160  16:06  Hellion x4  
  160  16:09  Viking  
  170  16:11  Siege Tank  
  170  16:12  Viking  
  175  16:26  Siege Tank  
  178  16:33  Hellion x2  
  178  16:34  Siege Tank  
  185  16:43  Siege Tank  
  185  16:45  Command Center  
  188  16:55  Viking x2, Hellion x3  
  188  16:59  Siege Tank  
  181  17:11  Siege Tank  
  181  17:14  Hellion  
  145  17:15  Siege Tank  
  145  17:16  Hellion x2  
  145  17:21  Hellion  
  130  17:25  Viking x2  
  116  17:31  Siege Tank  
  116  17:35  Hellion  
  116  17:36  Ghost x2  
  116  17:38  Hellion x2  
  116  17:40  Hellion x3  
  116  17:43  Siege Tank  
  127  17:48  Hellion, Siege Tank  
  131  17:57  Hellion  
  132  17:59  Viking x2, Hellion  
  132  18:04  Hellion, Siege Tank  
  132  18:05  Ghost x2  
  143  18:09  Hellion  
  149  18:15  Siege Tank  
  152  18:20  Siege Tank  
  155  18:28  Sensor Tower  
  155  18:31  Hellion x2  
  155  18:33  Hellion  
  159  18:36  Siege Tank  
  156  18:43  Viking x2  
  156  18:45  Hellion  
  156  18:47  Siege Tank  
  165  18:51  Missile Turret  
  165  18:52  Thor  
  171  18:58  Cyclone x2  
  171  19:01  Cyclone  
  180  19:04  Terran Ship Weapons Level 1  
  180  19:08  Siege Tank  
  183  19:16  Command Center  
  183  19:20  Siege Tank  
  178  19:35  Siege Tank  
  178  19:37  Viking x2  
  183  19:40  Siege Tank  
  186  19:52  Siege Tank  
  189  19:59  Hellion x3  
  196  20:07  Siege Tank  
  196  20:12  Siege Tank  
  199  20:28  Viking x2  
  171  20:30  Siege Tank  
  131  20:36  Hellion x2  
  131  20:42  Hellion x2  
  122  20:57  Hellion x2  
  122  20:58  Viking x2  
  122  21:03  Thor x2  
  122  21:04  Hellion, Thor  
  138  21:06  Hellion  
  146  21:18  Missile Turret  
  146  21:19  Hellion x2  
  146  21:21  Missile Turret  
  146  21:25  Hellion  
  151  21:27  Hellion  
  133  21:46  Thor x2  
  145  21:50  Thor  
  148  21:58  Orbital Command  
  141  22:06  Hellion x3  
  130  22:13  Hellion  
  111  22:27  Hellion x2  
  111  22:29  Siege Tank x2  
  121  22:34  Siege Tank  
  124  22:38  Hellion x3  
  124  22:44  Hellion  
  126  22:50  Hellion  
  128  23:01  Siege Tank x2  
  128  23:02  Hellion  
  136  23:06  Hellion  
  141  23:20  Siege Tank  
  141  23:25  Supply Depot  
  137  23:40  Orbital Command  
  137  23:42  Hellion x2  
  139  23:51  Siege Tank x2  
  139  23:56  Siege Tank  
  139  24:01  Refinery  
  142  24:07  Refinery  
  142  24:09  Cyclone  
  141  24:23  Siege Tank, Thor  
  150  24:24  Hellion  
  150  24:25  Hellion  
  150  24:26  Hellion  
  156  24:36  Siege Tank  
  156  24:37  Sensor Tower  
  159  24:42  Hellion, Orbital Command  
  157  25:00  Supply Depot x2  
  157  25:01  Supply Depot  
  157  25:09  Missile Turret  
  154  25:14  Siege Tank  
  154  25:18  Supply Depot  
  154  25:22  Hellion x2  
  154  25:23  Siege Tank  
  154  25:26  Siege Tank  
  164  25:34  Hellion  
  160  25:39  Missile Turret  
  160  25:42  Viking  
  160  25:43  Viking  
  162  25:51  Siege Tank  
  163  26:06  Sensor Tower, Siege Tank  
  163  26:09  Siege Tank  
  167  26:23  Siege Tank  
  167  26:24  Hellion  
  172  26:32  Viking x2  
  176  26:34  Hellion  
  176  26:37  Hellion  
  176  26:38  Siege Tank  
  183  26:41  Hellion  
  185  26:48  Supply Depot  
  185  26:50  Supply Depot  
  185  27:01  Command Center  
  185  27:09  Siege Tank  
  188  27:22  Siege Tank  
  191  27:25  Siege Tank  
  191  27:26  Hellion x2  
  191  27:27  Hellion  
  196  27:41  Siege Tank  
  199  28:09  Siege Tank  
  195  28:23  Hellion  
  195  28:24  Hellion x2  
  195  28:25  Hellion  
  147  28:33  Viking  
  124  28:39  Viking  
  126  28:45  Hellion x2  
  126  28:46  Thor  
  126  28:47  Thor x2  
  142  28:49  Hellion x2  
  146  29:06  Hellion x2  
  150  29:11  Hellion  
  150  29:13  Viking  
  154  29:29  Siege Tank  
  154  29:30  Viking, Hellion, Siege Tank  
  164  29:45  Thor  
  169  30:09  Thor  
  169  30:13  Missile Turret x2  
  170  30:22  Viking  
  172  30:29  Refinery  
  172  30:31  Missile Turret, Refinery  
  172  30:32  Missile Turret  
  172  30:33  Missile Turret x2  
  176  30:35  Hellion x2  
  176  30:36  Hellion  
  178  30:48  Hellion x3  
  184  30:53  Hellion  

Tags
 
Add a new tag
Caveats
  • Supply blocks, unpowered buildings, or Contaminate may cause inaccurate times.
  • Supply counts are checked every 10 seconds.